 Dungeon Crawl Stone Soup version 0.31-a0-632-g766dd24fdf (webtiles) character file.

Game seed: 16833943901366272101

55324 thirtiethelement the Nimble (level 14, -6/163 HPs)
             Began as a Demonspawn Hunter on Aug 26, 2023.
             Was an Elder of Trog.
             Mangled by Rupert
             ... wielding a +2 battleaxe of distortion
              (28 damage)
             ... on level 3 of the Lair of Beasts.
             The game lasted 00:59:05 (17974 turns).

thirtiethelement the Nimble (Demonspawn Hunter)    Turns: 17974, Time: 00:59:06

Health: -6/163     AC: 24    Str: 11    XL:     14   Next: 37%
Magic:  0/14       EV: 16    Int: 10    God:    Trog [****..]
Gold:   1543       SH: 17    Dex: 28    Spells: 13/13 levels left

rFire   . . .        b - +5 dagger of the Harvest {heavy, Contam rPois Will+ rCorr}
rCold   + + .        w - +0 buckler
rNeg    + . .        X - +2 scale mail {rC+}
rPois   +            W - +1 hat
rElec   .            S - +2 ratskin cloak {*Rats rPois rN+ Str-1 Int-1 Dex+1}
rCorr   +            x - +0 pair of gloves
SInv    +            t - +0 pair of boots
Will    ++++.        o - amulet "Esex" {Reflect Drain Regen+ rCorr SH+5 SInv} Stlth
                     J - +6 ring of dexterity
HPRegen 2.27/turn    B - ring of protection from cold
MPRegen 0.28/turn

%: reflection, guardian spirit
@: berserking (expiring), strong-willed, regenerating, very quick
A: horns 1, molten scales 2, icemail 1, magic shield, magic regeneration,
condensation shield
a: Renounce Religion, Berserk, Trog's Hand, Brothers in Arms


You were on level 3 of the Lair of Beasts.
You worshipped Trog.
Trog was greatly pleased with you.
You visited 3 branches of the dungeon, and saw 19 of its levels.
You also visited: Ice Cave.

You collected 1745 gold pieces.
You spent 202 gold pieces at shops.

Inventory:

Hand Weapons
 b - the +5 dagger of the Harvest (weapon) {heavy, Contam rPois Will+ rCorr}
   (You found it on level 2 of the Dungeon)

   rPois:     It protects you from poison Will+: It increases your willpower.
   Contam:    It causes magical contamination when unequipped.
   rCorr:     It protects you from acid and corrosion.
 U - a +2 longbow of flaming
 Z - a +6 short sword
Missiles
 z - 19 poisoned darts (quivered)
Armour
 t - a +0 pair of boots (worn)
 w - a +0 buckler (worn)
 x - a +0 pair of gloves (worn)
 S - the +2 ratskin cloak (worn) {*Rats rPois rN+ Str-1 Int-1 Dex+1}
   (You found it on level 11 of the Dungeon)

   *Rats:     When the wearer is hurt, rats may emerge from it to assist them.
   Str-1:     It affects your strength (-1).
   Int-1:     It affects your intelligence (-1).
   Dex+1:     It affects your dexterity (+1).
   rPois:     It protects you from poison rN+: It protects you from negative
   energy.
 W - a +1 hat (worn)
 X - a +2 scale mail of cold resistance (worn)
Jewellery
 o - the amulet "Esex" (around neck) {Reflect Drain Regen+ rCorr SH+5 SInv}
   (You acquired it on level 2 of the Lair of Beasts)

   [amulet of reflection]

   Reflect:   It reflects blocked missile attacks.
   SInv:      It lets you see invisible.
   Regen+:    It increases your rate of health regeneration.
   rCorr:     It protects you from acid and corrosion.
   Drain:     It drains your maximum health when unequipped.
   SH+5:      It affects your SH (+5).
 B - a ring of protection from cold (right hand)
 C - an amulet of the acrobat
 J - a +6 ring of dexterity (left hand)
 R - a ring of flight
 Y - a ring of willpower
Talismans
 k - a serpent talisman
 l - a talisman of death
 y - a maw talisman
Wands
 a - a wand of iceblast (5)
 E - a wand of polymorph (5)
 F - a wand of charming (10)
 L - a wand of flame (7)
Scrolls
 e - 4 scrolls of fear
 m - 2 scrolls of torment
 n - a scroll of blinking
 q - 2 scrolls of brand weapon
 r - a scroll of butterflies
 s - 7 scrolls of teleportation
 u - 5 scrolls of revelation
 D - 2 scrolls of enchant armour
 H - 4 scrolls of amnesia
 N - 3 scrolls of fog
 O - 2 scrolls of immolation
 Q - a scroll of enchant weapon
 T - 2 scrolls of poison
Potions
 c - 9 potions of curing
 d - 2 potions of magic {unknown}
 f - a potion of haste
 g - 2 potions of enlightenment
 h - a potion of invisibility {unknown}
 i - 2 potions of mutation {unknown}
 j - 3 potions of heal wounds {unknown}
 v - 4 potions of lignification
 A - 3 potions of might {unknown}
 G - 2 potions of resistance {unknown}
 I - 3 potions of attraction {unknown}
 P - 2 potions of cancellation {unknown}
Miscellaneous
 p - a lightning rod (4/4)


   Skills:
 + Level 9.6 Fighting
 + Level 10.7 Short Blades
 + Level 5.1 Ranged Weapons
 + Level 4.2 Throwing
 + Level 8.7 Armour
 + Level 10.9 Dodging
 + Level 7.4 Stealth
 + Level 10.5 Shields


You had 13 spell levels left.
You didn't know any spells.
Your spell library contained the following spells:

 Spells                   Type           Power      Damage    Failure   Level
 Apportation              Tloc           0%         N/A       91%         1
 Kiss of Death            Conj/Necr      0%         2d5       91%         1
 Necrotise                Necr           0%         1d4       91%         1
 Summon Small Mammal      Summ           0%         N/A       91%         1
 Blink                    Tloc           0%         N/A       97%         2
 Ensorcelled Hibernation  Hex/Ice        0%         N/A       97%         2
 Lesser Beckoning         Tloc           0%         N/A       97%         2
 Momentum Strike          Conj/Tloc      0%         3d8       97%         2
 Confusing Touch          Hex            0%         N/A       99%         3
 Anguish                  Hex/Necr       0%         N/A       100%        4
 Dispel Undead            Necr           0%         3d6       100%        4


Dungeon Overview and Level Annotations

Branches:
Dungeon (15/15)            Temple (1/1) D:7            Lair (3/5) D:8
 Shoals (0/4) Lair:2        Snake (0/4) Lair:2          Orc (0/2) D:11
 Vaults (0/5) D:14         Depths (0/4) D:15          IceCv (visited)

Altars:
Ashenzari
Cheibriados
Dithmenos
Fedhas
Gozag
Hepliaklqana
Kikubaaqudgha
Makhleb
Nemelex Xobeh
Okawaru
Qazlal
Ru
Sif Muna
Trog
Uskayaw
Vehumet
Wu Jian
Xom
Yredelemnul

Shops:
D:10 ?

Annotations:
D:14 Roxanne
Lair:3 Obsidian Axe, Rupert


Innate Abilities, Weirdness & Mutations

You have a pair of small horns on your head.
You are mostly covered in molten scales. (AC +3)
A meltable icy envelope protects you from harm. (AC +4)
When hurt, damage is shared between your health and your magic reserves.
You regenerate magic rapidly.
A meltable shield of frost defends you. (SH +4)


Message History

Space warps around you. The wolf bites you but does no damage.
You hit the wolf but do no damage.
The wolf is almost dead.
The wolf closely misses you. Rupert closely misses you.
The wolf barely misses you.
Rupert hits you with a +2 battleaxe of distortion!!!
A hell rat scurries out from under your cloak.
You hear a trumpeting!
Your skin crawls.
You feel strong-willed.
You hear a trumpeting!
You hear a howl!
You block the wolf's attack. You block Rupert's attack.
Rupert hits your hell rat with a +2 battleaxe of distortion.
Your hell rat blinks!
A red film seems to cover your vision as you go berserk!
You feel yourself moving faster!
You feel mighty! Trog will no longer gift you weapons. The wolf bites you.
Rupert hits you with a +2 battleaxe of distortion!!
You block the wolf's attack.
Rupert hits you with a +2 battleaxe of distortion!!
* * * LOW HITPOINT WARNING * * *
You hit the wolf.
You kill the wolf!
Trog accepts your kill.
You closely miss Rupert.
Rupert is heavily wounded.
Rupert hits you with a +2 battleaxe of distortion!!
* * * LOW HITPOINT WARNING * * *
Space warps around you.
* * * LOW HITPOINT WARNING * * *
Unknown command.
You are too berserk!
A wolf comes into view.
You feel a strong urge to attack something.
You feel your anger nearly subside.
A wolf comes into view.
Rupert attacks as he pursues you!
Rupert hits you with a +2 battleaxe of distortion!!
You die...

.#P .. ##.h..# ... ...# .......
.. #...# #....P## P+##....#
#....h.####.#.....###....
#....#.##....##.....#.#P.. #
###.........................
#.##.#.........................
#.....)..r..@@...)........... .
#.......†....................
..
.#.......##.###.#......P##+..
..⌠ ####.###.###
####.....###..# .... ##.⌠.####
#........##..# ..... #..@..#
#.#.......##..# ⌠.>.⌠.+..<.⌠#..
...........##..# .............#
...#P......#.#..#
......#..⌠.###
.................


You could see Rupert (berserk, poisoned, ally target), 2 wolves and a friendly
hell rat.

Vanquished Creatures
  A frost giant (IceCv)
  Nessos (D:13)
  Azrael (D:13)
  Snorg (D:10)
  Josephine (D:10)
  A vault guard (D:14)
  3 centaur warriors (D:14)
  A hydra (Lair:2)
  4 two-headed ogres
  A boulder beetle (D:14)
  A tengu warrior (D:13)
  5 death yaks (IceCv)
  Nergalle (D:10)
  An obsidian statue (D:8)
  A lindwurm (Lair:3)
  An orange crystal statue (D:8)
  A necromancer (D:14)
  2 wizards
  A deep elf pyromancer (D:14)
  3 ugly things
  2 manticores
  4 cyclopes
  A salamander (Lair:2)
  An ice statue (IceCv)
  A merfolk siren (Lair:2)
  A gargoyle (D:12)
  Maurice (D:13)
  A black mamba (Lair:1)
  5 cane toads
  Maggie (D:8)
  A kobold demonologist (D:12)
  An unseen horror (D:11)
  6 rime drakes
  A yaktaur (D:14)
  5 komodo dragons
  3 polar bears (IceCv)
  7 trolls
  2 meliai (D:13)
  A hornet (D:9)
  3 slime creatures (D:14)
  2 shadows
  3 wyverns
  5 wraiths
  A basilisk (Lair:1)
  2 steam dragons
  15 humans (D:14)
  A death yak simulacrum (D:13)
  35 yaks
  3 fire elementals (D:13)
  3 vampire mosquitoes (D:14)
  A naga (Lair:2)
  An acid dragon (D:7)
  8 water moccasins
  6 orc warriors
  2 black bears
  An ice beast (D:7)
  3 ogres (D:7)
  4 boggarts
  11 wolves
  15 centaurs
  A phantom (D:5)
  5 kobold brigands
  2 gnoll sergeants
  9 bullfrogs
  4 necrophages (Lair:2)
  3 scorpions
  3 two-headed ogre simulacra (D:13)
  10 wights
  15 killer bees
  A howler monkey (D:11)
  An electric eel (Lair:2)
  8 jellies
  7 orc priests
  5 hounds
  2 gnoll boudas
  3 sleepcaps
  5 iguanas
  18 orc wizards
  5 hell rats (Lair:1)
  A polar bear simulacrum (D:13)
  2 spriggan simulacra (D:13)
  A wolf simulacrum (D:13)
  Robin (D:3)
  12 gnolls
  11 adders
  A shadow imp (D:5)
  6 white imps
  2 worms
  2 dart slugs (D:1)
  70 orcs
  6 ball pythons
  3 bats
  8 endoplasms
  5 giant cockroaches
  8 hobgoblins
  8 jackals
  8 frilled lizards
  12 goblins
  24 kobolds
  4 rats
504 creatures vanquished.

Vanquished Creatures (collateral kills)
  A vault guard (D:14)
  A catoblepas (D:13)
  A death knight (D:14)
  2 death yaks (IceCv)
  A fire crab (shapeshifter) (D:13)
  A rime drake (IceCv)
  A polar bear (IceCv)
  A slime creature (D:14)
  5 yaks
  4 humans (D:14)
  A fire elemental (D:13)
  3 wolves (IceCv)
  A bullfrog (Lair:2)
23 creatures vanquished.

Vanquished Creatures (others)
  A human (D:4)
  An orc wizard (D:5)
2 creatures vanquished.

Grand Total: 529 creatures vanquished

Notes
Turn   | Place    | Note
-------+----------+-------------------------------------------
     0 | D:1      | thirtiethelement the Demonspawn Hunter began the quest for
                  | the Orb.
     0 | D:1      | Reached XP level 1. HP: 16/16 MP: 1/1
    96 | D:1      | Gained mutation: You regenerate magic rapidly. [demonic
                  | ancestry]
    96 | D:1      | Reached XP level 2. HP: 21/22 MP: 2/2
   404 | D:1      | You fall into a shaft and drop 1 floor!
   518 | D:1      | Reached XP level 3. HP: 27/27 MP: 3/3
  1313 | D:2      | Identified the +5 dagger of the Harvest {heavy, Contam
                  | rPois Will+ rCorr}
  2242 | D:3      | Found a faded altar of an unknown god.
  2252 | D:3      | Reached skill level 5 in Ranged Weapons
  2252 | D:3      | Reached XP level 4. HP: 26/33 MP: 4/4
  2395 | D:3      | Reached skill level 1 in Stealth
  2395 | D:3      | Reached XP level 5. HP: 11/40 MP: 5/5
  2559 | D:3      | Noticed Robin
  2569 | D:3      | Killed Robin
  2570 | D:3      | Reached skill level 1 in Armour
  3067 | D:3      | Reached skill level 1 in Short Blades
  3598 | D:4      | Found an ancient bone altar of Kikubaaqudgha.
  3603 | D:4      | Noticed a human
  3604 | D:4      | Killed a human
  3977 | D:4      | Gained mutation: You are partially covered in molten
                  | scales. (AC +2) [demonic ancestry]
  3977 | D:4      | Reached XP level 6. HP: 47/47 MP: 6/6
  4125 | D:5      | Entered Level 5 of the Dungeon
  4152 | D:5      | Gained mutation: When hurt, damage is shared between your
                  | health and your magic reserves. [demonic ancestry]
  4152 | D:5      | Reached XP level 7. HP: 35/52 MP: 7/7
  4352 | D:5      | Found a hazy altar of Hepliaklqana.
  4365 | D:5      | Found an opulent altar of Gozag.
  4369 | D:5      | Found a blossoming altar of Fedhas.
  4450 | D:5      | Found a shadowy altar of Dithmenos.
  5001 | D:5      | Reached skill level 1 in Throwing
  5001 | D:5      | Gained mutation: A meltable shield of frost defends you.
                  | (SH +4) [demonic ancestry]
  5001 | D:5      | Reached XP level 8. HP: 59/60 MP: 8/8
  5746 | D:6      | Reached skill level 5 in Short Blades
  6313 | D:7      | Gained mutation: A meltable icy envelope protects you from
                  | harm. (AC +4) [demonic ancestry]
  6313 | D:7      | Reached XP level 9. HP: 46/67 MP: 9/9
  6500 | D:7      | Reached skill level 5 in Fighting
  6500 | D:7      | Reached skill level 1 in Shields
  6935 | D:7      | Found a staircase to the Ecumenical Temple.
  6946 | Temple   | Entered the Ecumenical Temple
  6961 | Temple   | Became a worshipper of Trog the Wrathful
  7140 | D:7      | Reached skill level 5 in Dodging
  7862 | D:8      | Noticed Maggie
  7873 | D:8      | Killed Maggie
  7873 | D:8      | Reached * piety under Trog
  7874 | D:8      | Reached XP level 10. HP: 68/76 MP: 8/10
  8350 | D:8      | Noticed an obsidian statue
  8427 | D:8      | Noticed a sixfirhy
  8427 | D:8      | Noticed a smoke demon
  8510 | D:8      | Noticed an orange demon
  8510 | D:8      | Noticed a soul eater
  8514 | D:8      | Noticed a sixfirhy
  8521 | D:8      | Killed an obsidian statue
  8677 | D:8      | Reached ** piety under Trog
  8817 | D:8      | Noticed an orange crystal statue
  8976 | D:8      | Killed an orange crystal statue
  8977 | D:8      | Reached skill level 5 in Armour
  9180 | D:8      | Found a staircase to the Lair.
  9410 | D:9      | Noticed a two-headed ogre
  9412 | D:9      | Killed a two-headed ogre
  9498 | D:9      | Noticed a two-headed ogre
  9554 | D:8      | Killed a two-headed ogre
  9595 | D:8      | Gained mutation: You have a pair of small horns on your
                  | head. [demonic ancestry]
  9595 | D:8      | Reached XP level 11. HP: 83/83 MP: 11/11
  9999 | D:10     | Entered Level 10 of the Dungeon
  9999 | D:10     | Noticed a two-headed ogre
 10012 | D:10     | Killed a two-headed ogre
 10047 | D:10     | Reached *** piety under Trog
 10228 | D:10     | Found a shimmering blue altar of Sif Muna.
 10240 | D:10     | Noticed Nergalle
 10260 | D:10     | Killed Nergalle
 10300 | D:10     | Noticed a two-headed ogre
 10306 | D:10     | Killed a two-headed ogre
 10399 | D:10     | Noticed Snorg
 10406 | D:10     | Killed Snorg
 10494 | D:10     | Noticed Josephine
 10524 | D:10     | Killed Josephine
 10525 | D:10     | Reached skill level 5 in Stealth
 10895 | D:10     | Found The Oracle's Delphic Readings.
 10899 | D:10     | Bought a scroll of fog for 60 gold pieces
 10899 | D:10     | Bought a scroll of identify for 30 gold pieces
 10899 | D:10     | Bought a scroll of enchant weapon for 112 gold pieces
 11166 | D:11     | Reached skill level 5 in Shields
 11379 | D:11     | Reached **** piety under Trog
 11386 | D:11     | Found a staircase to the Orcish Mines.
 11530 | D:11     | Reached XP level 12. HP: 91/91 MP: 12/12
 11611 | D:11     | Found the +2 ratskin cloak {*Rats rPois rN+ Str-1 Int-1
                  | Dex+1}
 12161 | D:12     | Identified the +11 hand axe "Zatytasu" {freeze, MP+9 Str+9
                  | Int-2 Stlth+}
 12703 | D:13     | Noticed Nessos
 12705 | D:13     | Killed Nessos
 12752 | D:13     | Found a frozen archway.
 12802 | IceCv    | Entered an ice cave
 12833 | IceCv    | Noticed a death yak
 12833 | IceCv    | Noticed a death yak
 12853 | IceCv    | Killed a death yak
 12860 | IceCv    | Killed a death yak
 12916 | IceCv    | Noticed a death yak
 12930 | IceCv    | Killed a death yak
 13060 | IceCv    | Reached skill level 10 in Short Blades
 13091 | IceCv    | Noticed a death yak
 13116 | IceCv    | Killed a death yak
 13136 | IceCv    | Noticed a death yak
 13148 | IceCv    | Killed a death yak
 13200 | IceCv    | Noticed a death yak
 13228 | IceCv    | Killed a death yak
 13229 | IceCv    | Gained mutation: You are mostly covered in molten scales.
                  | (AC +3) [demonic ancestry]
 13229 | IceCv    | Reached XP level 13. HP: 79/99 MP: 10/13
 13328 | IceCv    | Noticed a frost giant
 13350 | IceCv    | Killed a frost giant
 13730 | D:13     | Noticed Maurice
 13737 | D:13     | Killed Maurice
 14001 | D:13     | Noticed Azrael
 14019 | D:13     | Killed Azrael
 14788 | D:14     | Reached skill level 10 in Dodging
 15088 | D:14     | Noticed Roxanne
 15446 | D:14     | Found a gate to the Vaults.
 15820 | D:15     | Entered Level 15 of the Dungeon
 15826 | D:15     | Found a staircase to the Depths.
 15930 | Lair:1   | Entered Level 1 of the Lair of Beasts
 15950 | Lair:1   | Reached XP level 14. HP: 108/108 MP: 14/14
 16225 | Lair:1   | Reached skill level 10 in Shields
 16227 | Lair:1   | Reached ***** piety under Trog
 16943 | Lair:2   | Received a gift from Trog
 16959 | Lair:2   | Identified a scroll of acquirement
 16959 | Lair:2   | Acquired the amulet "Esex" {Reflect Drain Regen+ rCorr SH+5
                  | SInv}
 17291 | Lair:2   | Found a staircase to the Shoals.
 17458 | Lair:2   | Found a staircase to the Snake Pit.
 17858 | Lair:3   | Found the +16 obsidian axe {drain, demonic, Mesm Drain Fly
                  | SInv}
 17946 | Lair:3   | Noticed Rupert
 17974 | Lair:3   | Mangled by Rupert

Illustrated notes

Levels and vault maps discovered:
D:1:      dpeg_arrival_arbitrary_b, layout_loops_corners
D:2:      layout_basic
D:3:      layout_loops_cross, nicolae_ecumenical_snake_handling,
          minmay_starry_boxes, uniq_robin
D:4:      layout_basic, tgw_kikubaaqudgha, serial_bayou, serial_bayou_shore_b,
          serial_bayou_pond_b, serial_bayou_crossing, serial_bayou_pond_b,
          serial_bayou_pond_c, chequers_serial_rivers_small_a
D:5:      layout_rooms, minitemple, kennysheep_mini, minmay_fractal_squares_5
D:6:      layout_rooms, minmay_misc_feat_four_crosses
D:7:      minmay_polygon_palace, layout_basic,
          minmay_temple_entry_statues_pillars
D:8:      minmay_separated_statues, layout_loops_cross, dpeg_oklobed_lair,
          uniq_maggie
D:9:      layout_rooms, chequers_serial_rivers_micro_a
D:10:     layout_loops_corners, nicolae_sif_muna_condensation,
          nicolae_nh_oracle_at_delphi, uniq_josephine, uniq_nergalle, uniq_snorg
D:11:     layout_loops_cross, hiddenorc1_lemuel
D:12:     layout_irregular_city, minmay_radiant
D:13:     layout_irregular_city, portal_ice_cave_entry_ice_simulacra,
          uniq_azrael, uniq_maurice, uniq_nessos
D:14:     layout_gridville, grunt_vaults_entry_tiered,
          nicolae_elevator_lobby_plus, minmay_puff, uniq_roxanne
D:15:     hellmonk_depths_entry_around_the_bend, layout_loops_ring,
          serial_shops, nicolae_book_shop_shelving, corexii_corridor_pit,
          grunt_ministairs_12
Temple:   zaba_magenta_temple
Lair:1:   layout_gridlike, small_statue_intersection, serial_bayou_shore_b
Lair:2:   layout_roguey, minmay_shoals_entry_lonely_mermaid,
          alex1729_snake_entry_snake, roderic_carrion_pond,
          infiniplex_staircase_pool
Lair:3:   layout_regular_city, dreamdust_deal_with_the_devil,
          infiniplex_staircase_pool_2, grunt_megastairs_3, uniq_rupert,
          uniq_amaemon

Skill      XL: |  1  2  3  4  5  6  7  8  9 10 11 12 13 14 |
---------------+-------------------------------------------+-----
Ranged Weapons | 4 5 |  5.1
Stealth        | 1 2 3 4 5 6 7 |  7.4
Fighting       | 3 4 5 6 7 8 9 |  9.6
Armour         | 1 2 3 4 5 6 7 8 |  8.7
Short Blades   | 1 2 4 6 7 8 9 10 | 10.7
Dodging        | 2 3 4 5 7 8 9 10 | 10.9
Throwing       | 1 2 3 4 |  4.2
Shields        | 2 3 5 7 9 10 | 10.5

Action                     |  1- 3 |  4- 6 |  7- 9 | 10-12 | 13-15 || total
---------------------------+-------+-------+-------+-------+-------++-------
  Melee: Dagger            |    31 |   164 |   431 |   896 |   855 ||  2377
         Punch             |       |     1 |    11 |     8 |       ||    20
         Headbutt          |       |       |       |   165 |   240 ||   405
   Fire: Shortbow          |   100 |       |       |       |       ||   100
  Throw: Dart              |       |       |    35 |    10 |    33 ||    78
 Invoke: Berserk           |       |       |       |     7 |     6 ||    13
         Trog's Hand       |       |       |       |     1 |     1 ||     2
         Brothers in Arms  |       |       |       |     1 |     3 ||     4
    Use: Potion            |     1 |       |     1 |     1 |     1 ||     4
         Scroll            |     2 |     4 |     8 |     8 |     2 ||    24
   Stab: Sleeping          |       |     6 |     5 |    11 |     5 ||    27
         Distracted        |       |     1 |       |     4 |     3 ||     8
 Armour: Leather armour    |    29 |    58 |   195 |     4 |       ||   286
         Swamp dragon scal |       |       |       |   343 |    11 ||   354
         Scale mail        |       |       |       |       |   313 ||   313
  Dodge: Dodged            |    65 |   137 |   353 |   690 |   454 ||  1699
  Block: Other             |       |       |    54 |    69 |       ||   123
         Buckler           |       |       |       |   311 |   570 ||   881

Table legend: (Time is in decaauts)
 A = Elapsed time spent in this place.
 B = Non-inter-level travel time spent in this place.
 C = Inter-level travel time spent in this place.
 D = Time resting spent in this place.
 E = Time spent auto-exploring this place.
 F = Levels seen in this place.
 G = Mean time per level.
                   A        B        C        D        E       F      G
               +--------+--------+--------+--------+--------+-----+--------+
         Total |  17954 |  17438 |    516 |   2189 |  10075 |  20 |  897.7 |
       Dungeon |  15167 |  14689 |    478 |   1901 |   8695 |  15 | 1011.1 |
        Temple |    130 |    130 |      0 |    100 |      0 |   1 |  130.0 |
          Lair |   1964 |   1927 |     37 |     17 |   1373 |   3 |  654.7 |
      Ice Cave |    691 |    691 |      0 |    170 |      7 |   1 |  691.0 |
               +--------+--------+--------+--------+--------+-----+--------+

Top non-repeatable levels by time:
     D:8: 1663 daAuts
    D:14: 1436 daAuts
     D:7: 1431 daAuts
     D:5: 1313 daAuts
     D:2: 1291 daAuts
    D:10: 1138 daAuts
     D:3: 1110 daAuts
  Lair:2: 966 daAuts
     D:1: 951 daAuts
    D:13: 931 daAuts
     D:6: 894 daAuts
  Lair:1: 892 daAuts
     D:4: 891 daAuts
    D:11: 872 daAuts
   IceCv: 691 daAuts
